AoeStats
← Landlord of Lead

Arabia

510429878Analyzed
1v1 RM · 21h ago on Oct 1, 2026· 47m 34s· 2 players
Game mode
Random Map
Map size
Tiny (2 player)
Population
200
Speed
Normal
Resources
Standard
Victory
Conquest
Starting age
Dark Age
Ending age
Imperial Age
RankedLock teamsTeams togetherTeam positionsShared explorationLock speedFull tech treeHidden civsTurbo modeCheats
Victory
Defeat
🇺🇸 Aztecs · United States
479
+15
🇲🇽 Portuguese · Mexico
465
-15
meximanu
2:11 Loom
14:22 Feudal Age
18:22 Castle Age
Landlord of Lead
5:03 Loom
12:04 Feudal Age
13:45 Wheelbarrow
13:06 Double-Bit Axe
13:35 Man-at-Arms
15:36 Scale Mail Armor
16:17 Arson
17:02 Horse Collar
19:20 Forging
22:33 Stone Mining
28:00 Castle Age
26:49 Fletching
29:44 Bow Saw
29:39 Heavy Plow
29:44 Squires
30:07 Hand Cart
36:12 Gold Mining
37:40 Gold Shaft Mining
39:01 Eagle Warrior
41:50 Ballistics
43:35 Stone Shaft Mining
44:03 Bodkin Arrow
Connection lost

Rejoining the realm…

Still unreachable

The connection could not be restored.

Session expired

The server has moved on; the page needs a fresh start.